 Dungeon Crawl Stone Soup version 0.31-a0-536-ga3e2962e35 (webtiles) character file.

Game seed: 14199715515379503271

36 Ethylacetat the Ducker (level 3, -2/25 HPs)
             Began as an Octopode Gladiator on Aug 13, 2023.
             Slain by a gnoll
             ... wielding a +0 flail
              (7 damage)
             ... on level 1 of the Dungeon.
             The game lasted 00:01:25 (754 turns).

Ethylacetat the Ducker (Octopode Gladiator)          Turns: 754, Time: 00:01:26

Health: -2/25      AC:  1    Str: 13    XL:     3   Next: 37%
Magic:  3/3        EV: 14    Int: 10    God:
Gold:   67         SH:  0    Dex: 15    Spells: 2/2 levels left

rFire   . . .        a - +0 long sword
rCold   . . .        (no shield)
rNeg    . . .        b - +0 hat
rPois   .            (no amulet)
rElec   .            (no ring)
rCorr   .            (no ring)
SInv    .            (no ring)
Will    .....        (no ring)
Stlth   +++          (no ring)
HPRegen 0.24/turn    (no ring)
MPRegen 0.08/turn    (no ring)
                     (no ring)

%: no passive effects
@: no status effects
A: almost no armour, amphibious, 8 rings, camouflage 1, gelatinous body 1,
(nimble swimmer 1), tentacles
a: no special abilities


You were on level 1 of the Dungeon.
You visited 1 branch of the dungeon, and saw 2 of its levels.

You collected 67 gold pieces.

Inventory:

Hand Weapons
 a - a +0 long sword (weapon)
Missiles
 c - 3 throwing nets (quivered)
 d - a javelin
Armour
 b - a +0 hat (worn)
Talismans
 f - a serpent talisman
Scrolls
 i - a scroll of immolation {unknown}
 k - 2 scrolls of teleportation {unknown}
 m - a scroll of identify {unknown}
Potions
 e - a potion of heal wounds {unknown}
 g - a potion of curing {unknown}
 h - a potion of lignification {unknown}
 j - a potion of mutation {unknown}
 l - a potion of degeneration {unknown}
 n - a potion of brilliance {unknown}
 o - a potion of berserk rage {unknown}


   Skills:
 + Level 2.4 Fighting
 - Level 3.0 Long Blades
 - Level 2.0 Throwing
 + Level 3.2 Dodging
 - Level 0.5 Stealth
 + Level 0.8 Unarmed Combat
 * Level 1.3 Shapeshifting


You had 2 spell levels left.
You didn't know any spells.
Your spell library was empty.

Dungeon Overview and Level Annotations

Branches:
Dungeon (2/15)

Altars:


Innate Abilities, Weirdness & Mutations

You cannot wear most types of armour.
You are amphibious.
You can wear up to eight rings at the same time.
Your skin changes colour to match your surroundings (Stealth+).
Your rubbery body absorbs attacks. (AC +1, EV +1)
((You are camouflaged when in or above water. (Stealth+)))
You have tentacles for arms and can constrict up to eight enemies at once.


Message History

No target in view!
No target in view! 2 gnolls come into view.
A gnoll is wielding a +0 spear.
There are monsters nearby!
A gnoll comes into view. It is wielding a +0 flail.
Found a scroll labelled WUCZYG JUPUOJ.
You see here a viscous silvery potion.
A gnoll comes into view. It is wielding a +0 club.
Found a scroll labelled FACITANYRPH.
Found a faded altar of an unknown god.
The gnoll shouts! x2
The gnoll throws a throwing net.
The throwing net misses you.
There are monsters nearby!
There are monsters nearby!
A hobgoblin comes into view.
The gnoll hits you from afar with a +0 spear.
There are monsters nearby!
The gnoll shouts!
You hear a shout!
The gnoll barely misses you. The gnoll closely misses you.
The gnoll hits you with a +0 club.
There are monsters nearby!
You closely miss the gnoll. Your grab misses the gnoll.
Your squeeze misses the gnoll. The gnoll barely misses you.
The gnoll hits you from afar with a +0 spear.
The gnoll misses you. The gnoll closely misses you.
Okay, then.
Okay, then.
The gnoll attacks as you move away! The gnoll completely misses you.
The gnoll enters a dispersal trap!
The gnoll blinks! x4; The hobgoblin blinks!
You blink.
The gnoll blinks!
The gnoll enters a dispersal trap!
The gnoll blinks! x2; You blink.
There is a stone staircase leading up here.
The gnoll misses you.
You climb upwards.
There is a stone staircase leading down here.
You closely miss the gnoll. You grab the gnoll. You constrict the gnoll.
The gnoll hits you with a +0 flail!
Ouch! That really hurt!
* * * LOW HITPOINT WARNING * * *
The gnoll hits you with a +0 flail!
You die...

#......###..#
#############......# ##..
##....>.....##......# #..
##...................####..
#..............#...........
#..............)....######.
#..............###### #.
#...†......g...# #.
#.........@....# #.
##............## #.
##..........## ##
############


You could see a gnoll.

Vanquished Creatures
  An adder (D:2)
  A worm (D:2)
  2 dart slugs
  A bat (D:1)
  An endoplasm (D:1)
  2 giant cockroaches
  2 hobgoblins
  2 kobolds (D:1)
  2 quokkas (D:1)
  2 goblins
  3 rats (D:1)
19 creatures vanquished.

Notes
Turn   | Place    | Note
-------+----------+-------------------------------------------
     0 | D:1      | Ethylacetat the Octopode Gladiator began the quest for the
                  | Orb.
     0 | D:1      | Reached XP level 1. HP: 14/14 MP: 1/1
   104 | D:1      | Reached XP level 2. HP: 19/19 MP: 2/2
   550 | D:1      | Reached skill level 1 in Shapeshifting
   623 | D:2      | Reached XP level 3. HP: 23/25 MP: 3/3
   725 | D:2      | Found a faded altar of an unknown god.
   754 | D:1      | Slain by a gnoll

Illustrated notes

Levels and vault maps discovered:
D:1:      saegor_arrival_simple_a, layout_rooms, kennysheep_minor_cross
D:2:      layout_basic, chequers_ecumenical_altar_simple, basic_altar

Skill      XL: |  1  2 |
---------------+-------+-----
Shapeshifting  | 1 |  1.3
Fighting       | |  2.4
Long Blades    | |  3.0
Throwing       | |  2.0
Dodging        | |  3.2
Stealth        | |  0.5
Unarmed Combat | |  0.8

Action                     || total
---------------------------++-------
  Melee: Long sword        ||    35
         Tentacles         ||    12
         Constrict         ||    10
   Stab: Sleeping          ||     6
  Dodge: Dodged            ||    22

Table legend: (Time is in decaauts)
 A = Elapsed time spent in this place.
 B = Non-inter-level travel time spent in this place.
 C = Inter-level travel time spent in this place.
 D = Time resting spent in this place.
 E = Time spent auto-exploring this place.
 F = Levels seen in this place.
 G = Mean time per level.
                   A        B        C        D        E       F      G
               +--------+--------+--------+--------+--------+-----+--------+
         Total |    763 |    760 |      3 |      0 |    586 |   2 |  381.5 |
       Dungeon |    763 |    760 |      3 |      0 |    586 |   2 |  381.5 |
               +--------+--------+--------+--------+--------+-----+--------+

Top non-repeatable levels by time:
     D:1: 583 daAuts
     D:2: 179 daAuts
